 Dungeon Crawl Stone Soup version 0.25-a0-317-g5f8687bca5 (webtiles) character file.

Game seed: 17810149182751878082, levelgen mode: deterministic

207 ANON1729 the Sneak (level 5, -2/31 HPs)
             Began as an Octopode Earth Elementalist on Dec 27, 2019.
             Slain by a scorpion (7 damage)
             ... on level 4 of the Dungeon.
             The game lasted 00:03:56 (2750 turns).

ANON1729 the Sneak (Octopode Earth Elementalist)    Turns: 2750, Time: 00:03:57

Health: -2/31      AC:  1    Str:  7    XL:     5   Next: 85%
Magic:  7/9        EV: 14    Int: 18    God:
Gold:   147        SH:  0    Dex: 13    Spells: 2/9 levels left

rFire    + . .     SeeInvis .   s - +0 dagger
rCold    . . .     Gourm    .   (no shield)
rNeg     . . .     Faith    .   (helmet restricted)
rPois    .         Spirit   .   d - amulet of regeneration
rElec    .         Reflect  .   p - ring of protection from fire (curse)
rCorr    .         Harm     .   (no ring)
MR       .....                  (no ring)
Stlth    ++++......             (no ring)
HPRegen  0.50/turn              (no ring)
MPRegen  0.11/turn              (no ring)
                                (no ring)
                                (no ring)

@: lethally poisoned (-2 -> -3)
A: almost no armour, stealthy swim, amphibious, 8 rings, constrict 8, camouflage
1, gelatinous body 1
a: no special abilities


You were on level 4 of the Dungeon.
You were not hungry.

You visited 1 branch of the dungeon, and saw 4 of its levels.

You collected 147 gold pieces.

Inventory:

Hand Weapons
 k - a +1 vampiric spear
 s - a +0 dagger (weapon)
Missiles
 b - 121 stones (quivered)
Jewellery
 d - an amulet of regeneration (around mantle)
 p - a cursed ring of protection from fire (left tentacle)
Wands
 n - a wand of random effects (23)
 q - a wand of polymorph (5)
 t - a wand of paralysis (5)
Scrolls
 g - 3 scrolls of identify
 j - a scroll of noise {unknown}
 l - a scroll of blinking {unknown}
 u - 2 scrolls of magic mapping {unknown}
 v - a scroll of amnesia {unknown}
Potions
 a - a potion of haste {unknown}
 e - 3 potions of flight {unknown}
 f - a potion of degeneration {unknown}
 h - a potion of lignification {unknown}
 i - a potion of mutation {unknown}
 m - a potion of ambrosia {unknown}
 o - a potion of brilliance {unknown}
 r - a potion of curing {unknown}
Comestibles
 c - 8 rations


   Skills:
 + Level 0.8 Short Blades
 + Level 3.0 Dodging
 + Level 4.5 Stealth
 + Level 2.9 Spellcasting
 * Level 1.8 Transmutations
 * Level 4.1 Earth Magic


You had 2 spell levels left.
You knew the following spells:

 Your Spells              Type           Power        Failure   Level  Hunger
a - Sandblast             Erth           ###...       3%          1    None
b - Passwall              Tmut/Erth      ##......     8%          2    ##.....
c - Petrify               Tmut/Erth      ##......     43%         4    ####...

Your spell library contained the following spells:

 Spells                   Type           Power        Failure   Level  Hunger
 Summon Small Mammal      Summ           #...         17%         1    None
 Call Imp                 Summ           #.......     26%         2    ##.....
 Stone Arrow              Conj/Erth      ##....       22%         3    ###....
 Call Canine Familiar     Summ           #.......     45%         3    ###....
 Summon Guardian Golem    Hex/Summ       #.......     45%         3    ###....
 Lee's Rapid Deconstruct  Erth           ###.......   63%         5    ######.
 Summon Ice Beast         Ice/Summ       #.......     86%         4    ####...
 Summon Lightning Spire   Summ/Air       #.......     86%         4    ####...


Dungeon Overview and Level Annotations

Branches:
Dungeon (4/15)
 Temple: D:4-7

Altars:
Okawaru
Sif Muna
Zin

Shops:
D:2 *


Innate Abilities, Weirdness & Mutations

You cannot wear most types of armour.
You are very stealthy in the water. (Stealth+)
You are amphibious.
You can wear up to eight rings at the same time.
You can use your tentacles to constrict eight enemies at once.
Your skin changes colour to match your surroundings (Stealth+).
Your rubbery body absorbs attacks. (AC +1, EV +1)


Message History

Confirm with . or Enter, or press ? or * to list all spells.
Aiming: Sandblast (safe; 3% risk of failure)
Press: ? - help, Shift-Dir - straight line, f - scorpion
Aim: a scorpion (heavily wounded, constricted by you)
The blast of sand hits the scorpion.
The scorpion is severely wounded.
b - 122 stones You constrict the scorpion.
You feel sick. The scorpion stings you.
* * * LOW HITPOINT WARNING * * *
Casting: Sandblast (safe; 3% risk of failure)
Confirm with . or Enter, or press ? or * to list all spells.
Aiming: Sandblast (safe; 3% risk of failure)
Press: ? - help, Shift-Dir - straight line, f/p - scorpion
Aim: a scorpion (severely wounded, constricted by you)
The blast of sand hits the scorpion.
The scorpion is almost dead.
b - 121 stones You constrict the scorpion, but do no damage.
The scorpion stings you!
You die...

#.# #.# #.#
#.# #.#
########.##
..........#
#...s@..#
#.#####.#
#.# #.# #.#
#.# #.# #.#
#######.#


You could see a scorpion.

Vanquished Creatures
  A bullfrog (D:3)
  A scorpion (D:2)
  3 adders (D:3)
  2 worms
  3 dart slugs
  3 leopard geckos (D:3)
  2 orcs (D:3)
  2 giant cockroaches (D:3)
  3 goblins
  5 hobgoblins
  4 jackals
  2 quokkas (D:3)
  10 bats
  4 frilled lizards
  5 kobolds
  9 rats
59 creatures vanquished.

Notes
Turn   | Place    | Note
-------+----------+-------------------------------------------
     0 | D:1      | ANON1729 the Octopode Earth Elementalist began the quest
                  | for the Orb.
     0 | D:1      | Reached XP level 1. HP: 11/11 MP: 3/3
   367 | D:1      | Reached XP level 2. HP: 6/17 MP: 0/5
  1349 | D:2      | Reached XP level 3. HP: 12/21 MP: 6/6
  1381 | D:2      | Found an iron altar of Okawaru.
  1617 | D:2      | Found Zin's Purification Station.
  1617 | D:2      | Noticed a scorpion
  1620 | D:2      | Found a glowing silver altar of Zin.
  1625 | D:2      | Killed a scorpion
  1625 | D:2      | Reached XP level 4. HP: 5/27 MP: 4/7
  1950 | D:3      | Found a shimmering blue altar of Sif Muna.
  2200 | D:3      | Learned a level 2 spell: Passwall
  2205 | D:3      | Learned a level 4 spell: Petrify
  2264 | D:3      | Reached XP level 5. HP: 22/31 MP: 9/9
  2750 | D:4      | Slain by a scorpion

Levels and vault maps discovered:
D:1:      sevenhm_arrival_forest_fort_large_2, layout_basic,
          serial_park_tiny_pond
D:2:      layout_rooms, okawaru_ov_weapons_minmay, zin_purify
D:3:      kennysheep_six_static_rooms, layout_basic, old_standard_altar,
          first_ration, minmay_misc_feat_tower
D:4:      layout_loops_ring, bloody_makhleb, grunt_temple_overflow_open,
          serial_shops, shop, uniq_natasha

Skill      XL: |  1  2  3  4  5 |
---------------+----------------+-----
Stealth        | 3 4 |  4.5
Dodging        | 3 |  3.0
Earth Magic    | 4 |  4.1
Short Blades   | |  0.8
Spellcasting   | |  2.9
Transmutations | |  1.8

Action                   |  1- 3 |  4- 6 || total
-------------------------+-------+-------++-------
Melee: Unarmed           |    70 |    25 ||    95
       Constrict         |    21 |    24 ||    45
       Tentacles         |    11 |    11 ||    22
       Dagger            |       |    68 ||    68
 Cast: Sandblast         |    14 |    11 ||    25
  Use: Scroll            |     2 |       ||     2
 Stab: Sleeping          |     5 |     6 ||    11
  Eat: Chunk             |     2 |     4 ||     6
Armor: Skin              |    14 |    10 ||    24
Dodge: Dodged            |    64 |    87 ||   151

Table legend:
 A = Non-vault XP
 B = Vault XP
 C = Vault XP percentage of total XP
 D = Non-vault monster count
 E = Vault monster count
 F = Vault count percentage of total count
                 A         B        C        D         E       F
            +---------+---------+-------+---------+---------+-------
      Total |     287 |      10 |   3.4 |      53 |       6 |  10.2
            +---------+---------+-------+---------+---------+-------
        D:1 |      23 |       0 |   0.0 |      14 |       0 |   0.0
        D:2 |      88 |       0 |   0.0 |      12 |       0 |   0.0
        D:3 |     176 |      10 |   5.4 |      27 |       6 |  18.2
            +---------+---------+-------+---------+---------+-------
